 Dungeon Crawl Stone Soup version 0.28-a0-769-g550dbda0cd (webtiles) character file.

Game seed: 447174580978561656

0 spiderkeys the Skirmisher (level 1, 0/14 HPs)
             Began as a Gargoyle Abyssal Knight on Oct 31, 2021.
             Was a Follower of Lugonu.
             Slain by a small abomination (14 damage)
             ... on level 1 of the Abyss.
             The game lasted 00:00:15 (54 turns).

spiderkeys the Skirmisher (Gargoyle Abyssal Knight)   Turns: 54, Time: 00:00:15

Health: 0/14       AC:  7    Str: 16    XL:     1   Next: 0%
Magic:  2/2        EV:  7    Int: 10    God:    Lugonu [*.....]
Gold:   0          SH:  6    Dex: 10    Spells: 0/0 levels left

rFire   . . .      SeeInvis .   a - +1 mace
rCold   . . .      Faith    .   d - +0 kite shield
rNeg    + . .      Spirit   .   e - +0 ring mail
rPois   ∞          Reflect  .   (no helmet)
rElec   +          Harm     .   (no cloak)
rCorr   .          Rampage  .   (no gloves)
Will    .....                   (no boots)
Stlth   ..........              (no amulet)
HPRegen 0.04/turn               (no ring)
MPRegen 0.08/turn               (no ring)

@: no status effects
A: sickness immunity, AC +2, negative energy resistance 1, electricity
resistance, torment resistance 1, petrification resistance
a: Renounce Religion, Depart the Abyss


You were on level 1 of the Abyss.
You worshipped Lugonu.
Lugonu was aware of your devotion.
You visited 0 branches of the dungeon, and saw 0 of its levels.
You visited the Abyss 1 time.


Innate Abilities, Weirdness & Mutations

You are immune to sickness and miasma.
Your stone body is resilient. (AC +2)
You are immune to poison.
You resist negative energy. (rN+)
You are resistant to electric shocks. (rElec)
You are resistant to unholy torment.
You are immune to petrification.


   Skills:
 + Level 3.2 Fighting
 + Level 2.0 Maces & Flails
 + Level 2.1 Armour
 + Level 0.7 Dodging
 + Level 2.0 Invocations


You couldn't memorise any spells.
You didn't know any spells.
Your spell library was empty.

Inventory:

Hand Weapons
 a - a +1 mace (weapon)
Armour
 b - a +0 leather armour
 d - a +0 kite shield (worn)
   (You found it on level 1 of the Abyss)
 e - a +0 ring mail (worn)
   (You found it on level 1 of the Abyss)
Scrolls
 c - a scroll of teleportation {unknown}

Dungeon Overview and Level Annotations

Branches:
Dungeon (0/15)

Altars:

# ##≈### .
#.#..### #..#≈§
#.## #..≈.##@>#
.#..≈#.x##...?.#
#wX.≈≈#.# ..###
#.....≈#.#####..
##..##≈..... .
#. ...#
≈..#..#.####
#.#.#≈... #.# .
.#
.#.##≈...##.....
. #.≈.....#.#..


You could see a small abomination.


Message History

🤖 Initializing magus.rc ... ✅ Successfully initialized magus.rc [v1.9.10] Welcome, spiderkeys the Gargoyle Abyssal Knight.
Countless adventurers have entered the dungeon seeking the Orb of Zot, but there's always room for one more...
Lugonu says: Depart the Abyss and spread corruption, my servant! (use the ability menu to exit the Abyss) Press ? for a list of commands and other information.
Found a kite shield.
Found a corrupted altar of Lugonu.
Found an opulent altar of Gozag.
c - a scroll labelled NIMOGRE SIGIAGG You enter the shallow water.
Moving in this stuff is going to be slow.
You see here a +0 kite shield.
d - a +0 kite shield You see here a +0 ring mail.
e - a +0 ring mail You start removing your armour.
You continue taking off your +0 leather armour. x4
You finish taking off your +0 leather armour.
You start putting on your armour.
You continue putting on your +0 ring mail. x5
You finish putting on your +0 ring mail.
You start putting on your armour.
You continue putting on your +0 kite shield. x4
You finish putting on your +0 kite shield.
Found a gateway leading deeper into the Abyss.
Unknown command.
Tentacles burst from the starspawn's body! 2 starspawn tentacles come into view.
The small abomination hits you!
Ouch! That really hurt!
You die...

Levels and vault maps discovered:
Abyss:1:  base: Temple, minivault_19, base:
Temple

Notes
Turn   | Place    | Note
-------+----------+-------------------------------------------
     0 | Abyss:1  | spiderkeys the Gargoyle Abyssal Knight began the quest for
                  | the Orb.
     0 | Abyss:1  | Reached XP level 1. HP: 14/14 MP: 2/2
     0 | Abyss:1  | magus.rc [v1.9.10]
     6 | Abyss:1  | Found an opulent altar of Gozag.
    51 | Abyss:1  | Noticed a tentacled starspawn
    51 | Abyss:1  | Noticed a small abomination
    54 | Abyss:1  | Slain by a small abomination

Vanquished Creatures (others)
  2 starspawn tentacles (Abyss:1)
2 creatures vanquished.

Table legend:
 A = Non-vault XP
 B = Vault XP
 C = Vault XP percentage of total XP
 D = Non-vault monster count
 E = Vault monster count
 F = Vault count percentage of total count
                 A         B        C        D         E       F
            +---------+---------+-------+---------+---------+-------
      Total |       0 |       0 |   N/A |       0 |       0 |  -nan
            +---------+---------+-------+---------+---------+-------
            +---------+---------+-------+---------+---------+-------

Illustrated notes

Table legend: (Time is in decaauts)
 A = Elapsed time spent in this place.
 B = Non-inter-level travel time spent in this place.
 C = Inter-level travel time spent in this place.
 D = Time resting spent in this place.
 E = Time spent auto-exploring this place.
 F = Levels seen in this place.
 G = Mean time per level.
                   A        B        C        D        E       F      G
               +--------+--------+--------+--------+--------+-----+--------+
         Total |     54 |     54 |      0 |      0 |      6 |   1 |   54.0 |
         Abyss |     54 |     54 |      0 |      0 |      6 |   1 |   54.0 |
               +--------+--------+--------+--------+--------+-----+--------+

Top non-repeatable levels by time:
 Abyss:1: 54 daAuts
